 Dungeon Crawl Stone Soup version 0.25-a0-294-gea9b1ad378 (webtiles) character file.

Game seed: 12826590526663654278, levelgen mode: classic

375 Borgoz the Slasher (level 6, 0/38 HPs)
             Began as a Gargoyle Gladiator on Dec 19, 2019.
             Slain by Prince Ribbit (18 damage)
             ... on level 5 of the Dungeon.
             The game lasted 00:03:01 (3601 turns).

Borgoz the Slasher (Gargoyle Gladiator)             Turns: 3601, Time: 00:03:01

Health: 0/38       AC:  8    Str: 17    XL:     6   Next: 72%
Magic:  6/6        EV: 13    Int:  9    God:
Gold:   278        SH:  0    Dex: 13    Spells: 5/5 levels left

rFire    . . .     SeeInvis .   a - +0 long sword
rCold    . . .     Gourm    .   (no shield)
rNeg     + . .     Faith    .   b - +0 leather armour
rPois    ∞         Spirit   .   c - +0 helmet
rElec    +         Reflect  .   (no cloak)
rCorr    .         Harm     +   (no gloves)
MR       .....                  (no boots)
Stlth    +.........             j - amulet of harm (curse)
HPRegen  0.12/turn              (no ring)
MPRegen  0.10/turn              (no ring)

@: no status effects
A: negative energy resistance 1, electricity resistance, unbreathing,
petrification resistance, rot immunity, AC +4
a: no special abilities


You were on level 5 of the Dungeon.
You were hungry.

You visited 1 branch of the dungeon, and saw 5 of its levels.

You collected 278 gold pieces.

Inventory:

Hand Weapons
 a - a +0 long sword (weapon)
Missiles
 d - 3 throwing nets (quivered)
Armour
 b - a +0 leather armour (worn)
 c - a +0 helmet (worn)
Jewellery
 j - a cursed amulet of harm (around neck)
 t - a cursed amulet of inaccuracy
Scrolls
 e - 2 scrolls of noise {unknown}
 g - 6 scrolls of remove curse {unknown}
 i - a scroll of identify
 k - 2 scrolls of fear {unknown}
 o - a scroll of blinking {unknown}
 r - a scroll of random uselessness {unknown}
 s - a scroll of teleportation {unknown}
Potions
 h - 2 potions of haste
 l - a potion of heal wounds
 m - a potion of degeneration
 n - a potion of mutation
 p - a potion of berserk rage {unknown}
 q - a potion of flight
 u - a potion of curing
Comestibles
 f - 8 rations


   Skills:
 + Level 3.9 Fighting
 * Level 4.7 Long Blades
 - Level 1.7 Throwing
 + Level 2.9 Armour
 + Level 3.4 Dodging


You had 5 spell levels left.
You didn't know any spells.
Your spell library contained the following spells:

 Spells                   Type           Power        Failure   Level  Hunger
 Animate Skeleton         Necr           N/A          43%         1    ##.....
 Pain                     Necr           #...         43%         1    ##.....
 Regeneration             Chrm/Necr      #.........   82%         3    ####...
 Vampiric Draining        Necr           #.........   82%         3    ####...
 Animate Dead             Necr           N/A          99%         4    #####..


Dungeon Overview and Level Annotations

Branches:
Dungeon (5/15)
 Temple: D:4-7

Altars:
Elyvilon
Ru
Vehumet
Wu Jian
The Shining One

Annotations:
D:5 Prince Ribbit


Innate Abilities, Weirdness & Mutations

You are resistant to torment.
Your stone body is resilient. (AC +4)
You are immune to poison.
You resist negative energy. (rN+)
You are resistant to electric shocks. (rElec)
You can survive without breathing.
You are immune to petrification.
You are immune to rotting.


Message History

q - a potion of flight
As you read the scroll of identify, it crumbles to dust.
u - a potion of curing Prince Ribbit blinks!
Found 2 metallic sapphire potions.
Prince Ribbit lets out a mournful croak.
You miss Prince Ribbit.
Prince Ribbit blinks! x2
Prince Ribbit closely misses you. Prince Ribbit hits you.
You miss Prince Ribbit.
Prince Ribbit blinks!
A gnoll comes into view. It is wielding a +0 flail.
You miss Prince Ribbit.
The gnoll shouts!
Prince Ribbit barely misses you. Prince Ribbit hits you!
You are too injured to fight recklessly!
You are too injured to fight recklessly!
There is a stone staircase leading up here.
You are too injured to fight recklessly!
You are too injured to fight recklessly!
Prince Ribbit hits you!
You die...

.......
...... # ..(.
##. ##..#
.... #.).###
.!... #.....#
......#...#.#
#........#
#.....@..#
#.....F..#
######...#
#..^# #.....
.......
.g.......
.........
..........


You could see Prince Ribbit and a gnoll.

Vanquished Creatures
  3 howler monkeys (D:4)
  A hound (D:4)
  A bullfrog skeleton (D:4)
  Natasha (thrice) (D:3)
  5 adders
  An ooze (D:3)
  3 adder skeletons (D:4)
  4 worms
  A dart slug (D:3)
  A leopard gecko (D:2)
  4 orcs
  4 giant cockroaches
  3 goblins
  4 hobgoblins
  6 jackals (D:1)
  2 quokkas
  A ball python (D:3)
  A bat (D:3)
  7 frilled lizards
  4 kobolds
  A leopard gecko skeleton (D:4)
  A quokka skeleton (D:4)
  6 rats
67 creatures vanquished.

Notes
Turn   | Place    | Note
-------+----------+-------------------------------------------
     0 | D:1      | Borgoz the Gargoyle Gladiator began the quest for the Orb.
     0 | D:1      | Reached XP level 1. HP: 12/12 MP: 1/1
    78 | D:1      | Reached XP level 2. HP: 15/18 MP: 2/2
   230 | D:1      | Reached skill level 3 in Long Blades
   773 | D:2      | Reached skill level 1 in Armour
   773 | D:2      | Reached XP level 3. HP: 15/22 MP: 3/3
  1617 | D:3      | Reached XP level 4. HP: 24/27 MP: 4/4
  1840 | D:3      | Noticed Natasha
  1856 | D:3      | Killed Natasha
  1957 | D:3      | Noticed Natasha
  1966 | D:3      | Killed Natasha
  1966 | D:3      | Reached XP level 5. HP: 16/32 MP: 5/5
  2260 | D:3      | Noticed Natasha
  2274 | D:3      | Killed Natasha
  2274 | D:3      | Reached skill level 4 in Long Blades
  2709 | D:4      | Found a sacrificial altar of Ru.
  2710 | D:4      | Found an ornate altar of the Wu Jian Council.
  2711 | D:4      | Found a white marble altar of Elyvilon.
  2711 | D:4      | Found a radiant altar of Vehumet.
  2722 | D:4      | Reached XP level 6. HP: 27/37 MP: 6/6
  3408 | D:4      | Found a glowing golden altar of the Shining One.
  3584 | D:5      | Entered Level 5 of the Dungeon
  3584 | D:5      | Noticed Prince Ribbit
  3601 | D:5      | Slain by Prince Ribbit

Levels and vault maps discovered:
D:1:      evilmike_arrival_grusome_pit, layout_loops_ring, minivault_26
D:2:      layout_basic
D:3:      layout_basic, uniq_natasha
D:4:      layout_basic, grunt_temple_overflow_open, first_ration,
          nicolae_tso_swordbearing_angel
D:5:      layout_basic, grunt_qazlal_clouds, gammafunk_temple_overflow_elements,
          gup_sewer_entry_bowl, kennysheep_another_room, uniq_prince_ribbit1

Skill      XL: |  1  2  3  4  5 |
---------------+----------------+-----
Long Blades    | 3 4 |  4.7
Armour         | 1 2 |  2.9
Fighting       | 3 |  3.9
Dodging        | 3 |  3.4
Throwing       | |  1.7

Action                   |  1- 3 |  4- 6 || total
-------------------------+-------+-------++-------
Melee: Long sword        |    86 |   143 ||   229
  Use: Potion            |       |     1 ||     1
       Scroll            |       |     6 ||     6
  Eat: Chunk             |     2 |     6 ||     8
Armor: Leather armour    |    44 |    52 ||    96
Dodge: Dodged            |    72 |   109 ||   181
       Rpst.: Long sword |    19 |    27 ||    46

Table legend:
 A = Non-vault XP
 B = Vault XP
 C = Vault XP percentage of total XP
 D = Non-vault monster count
 E = Vault monster count
 F = Vault count percentage of total count
                 A         B        C        D         E       F
            +---------+---------+-------+---------+---------+-------
      Total |     501 |      35 |   6.5 |      66 |       1 |   1.5
            +---------+---------+-------+---------+---------+-------
        D:1 |      24 |       0 |   0.0 |      14 |       0 |   0.0
        D:2 |      55 |       0 |   0.0 |      11 |       0 |   0.0
        D:3 |     112 |      35 |  23.8 |      22 |       1 |   4.3
        D:4 |     310 |       0 |   0.0 |      19 |       0 |   0.0
            +---------+---------+-------+---------+---------+-------
